 Dungeon Crawl Stone Soup version 0.31.0-11-ge490571c62 (webtiles) character file.

Game seed: 1115529968883575340

91 Sabo the Carver (level 4, -1/32 HPs)
             Began as a Gnoll Wanderer on Feb 4, 2024.
             Slain by a goblin
             ... wielding a +0 club
             ... led by Robin
              (6 damage)
             ... on level 2 of the Dungeon.
             The game lasted 00:07:50 (1640 turns).

Sabo the Carver (Gnoll Wanderer)                    Turns: 1640, Time: 00:07:51

Health: -1/32      AC:  6    Str: 19    XL:     4   Next: 57%
Magic:  8/8        EV: 10    Int: 13    God:
Gold:   45         SH:  0    Dex: 10    Spells: 8/9 levels left

rFire   . . .        a - +0 long sword
rCold   . . .        (no shield)
rNeg    . . .        b - +0 ring mail
rPois   .            (no helmet)
rElec   .            (no cloak)
rCorr   .            (no gloves)
SInv    +            (no boots)
Will    .....        u - amulet of the acrobat
Stlth   +            e - ring of see invisible
HPRegen 0.25/turn    p - +6 ring of strength
MPRegen 0.11/turn

%: acrobat
@: no status effects
A: fangs 1, strong nose, distributed training
a: no special abilities


You were on level 2 of the Dungeon.
You visited 1 branch of the dungeon, and saw 2 of its levels.

You collected 45 gold pieces.

Inventory:

Hand Weapons
 a - a +0 long sword (weapon)
 f - a +0 hand axe
 s - a +0 sling
Missiles
 r - 4 datura-tipped darts
Armour
 b - a +0 ring mail (worn)
Jewellery
 e - a ring of see invisible (left hand)
 p - a +6 ring of strength (right hand)
 u - an amulet of the acrobat (around neck)
 x - a ring of ice
Talismans
 i - a beast talisman
 l - a flux talisman
 w - a dragon-blood talisman
Scrolls
 h - 2 scrolls of teleportation {unknown}
 j - 2 scrolls of fog {unknown}
 k - 2 scrolls of identify {unknown}
 m - a scroll of enchant weapon {unknown}
 n - a scroll of torment {unknown}
 q - 2 scrolls of fear {unknown}
 v - a scroll of vulnerability {unknown}
Potions
 c - a potion of brilliance
 d - a potion of degeneration {unknown}
 g - a potion of curing {unknown}
 o - 3 potions of enlightenment {unknown}
 t - 2 potions of heal wounds {unknown}


   Skills:
 + Level 1.2 Fighting
 + Level 1.2 Short Blades
 + Level 10.5 Long Blades
 + Level 1.2 Axes
 + Level 1.2 Maces & Flails
 + Level 1.2 Polearms
 + Level 1.2 Staves
 + Level 1.2 Ranged Weapons
 + Level 1.2 Throwing
 + Level 4.7 Armour
 + Level 1.2 Dodging
 + Level 1.2 Stealth
 + Level 1.2 Shields
 + Level 1.2 Unarmed Combat
 + Level 3.0 Spellcasting
 + Level 1.0 Conjurations
 + Level 1.0 Hexes
 + Level 1.0 Summonings
 + Level 3.9 Necromancy
 + Level 1.0 Translocations
 + Level 1.0 Fire Magic
 + Level 1.0 Ice Magic
 + Level 1.0 Air Magic
 + Level 1.0 Earth Magic
 + Level 1.0 Alchemy
 + Level 1.3 Invocations
 + Level 1.2 Evocations
 + Level 1.1 Shapeshifting


You had 8 spell levels left.
You knew the following spells:

 Your Spells              Type           Power      Damage    Failure   Level
a - Kiss of Death         Conj/Necr      32%        2d7       14%         1

Your spell library contained the following spells:

 Spells                   Type           Power      Damage    Failure   Level
 Vampiric Draining        Necr           12%        2d6       24%         3


Dungeon Overview and Level Annotations

Branches:
Dungeon (2/15)

Altars:

Annotations:
D:2 Robin


Innate Abilities, Weirdness & Mutations

You have very sharp teeth.
Your uncanny sense of smell can sniff out nearby items.
Your experience applies equally to all skills.


Message History

The hobgoblin hits you. The goblin closely misses you.
You completely miss the goblin.
The goblin is heavily wounded.
The goblin hits you but does no damage. The goblin closely misses you.
The hobgoblin closely misses you. The goblin hits you with a +0 club.
You barely miss the goblin.
The goblin is heavily wounded.
The goblin barely misses you. The goblin hits you but does no damage.
The hobgoblin hits you but does no damage.
The goblin closely misses you.
You closely miss the goblin.
The goblin is heavily wounded.
The goblin barely misses you. The goblin hits you but does no damage.
The hobgoblin hits you. The goblin barely misses you.
You hit the goblin.
You kill the goblin!
The hobgoblin hits you. The goblin hits you but does no damage.
The goblin closely misses you.
You hit the goblin.
The goblin is severely wounded.
The goblin hits you but does no damage. The goblin misses you.
The hobgoblin hits you but does no damage.
You barely miss the goblin.
The goblin is heavily wounded.
The goblin barely misses you. The goblin misses you.
The goblin barely misses you. The hobgoblin hits you.
Robin says, "My goblins will feast on your bones."
You barely miss the goblin.
The goblin is heavily wounded.
The goblin hits you with a +0 club.
* * * LOW HITPOINT WARNING * * *
You hit the goblin.
You kill the goblin!
The goblin closely misses you. The hobgoblin hits you.
* * * LOW HITPOINT WARNING * * *
The goblin hits you but does no damage.
You hit Robin but do no damage. Your punch misses Robin.
Your bite misses Robin. Robin closely misses you.
The goblin hits you with a +0 club.
You die...

##### ..g# ##########
#.####g######.........
#.$gg@g.....#.#######.
######g####.#†# #.
#... #.#.# #. ### ####
#..#.#.#.# #. #.. ..#
#..# #.#.# #. #.#
#.#####..# #...# #.
#.# #.... ...# #####
###. # #.# #..# ##.#
..#. #.#.# #..# #.#
#.#.


You could see Robin, 2 hobgoblins and 3 goblins.

Vanquished Creatures
  Natasha (D:2)
  2 adders (D:2)
  A ribbon worm (D:2)
  2 dart slugs (D:2)
  4 bats
  6 endoplasms
  A giant cockroach (D:1)
  7 hobgoblins
  2 kobolds (D:1)
  A quokka (D:2)
  A ball python (D:1)
  5 frilled lizards
  5 goblins (D:2)
38 creatures vanquished.

Notes
Turn   | Place    | Note
-------+----------+-------------------------------------------
     0 | D:1      | Reached skill level 10 in Long Blades
     0 | D:1      | Sabo the Gnoll Wanderer began the quest for the Orb.
     0 | D:1      | Sabo set off with the following items: a +0 long sword, a
                  | +0 ring mail, a potion of brilliance; and the following
                  | spell memorised: Kiss of Death; and the following spells
                  | available to memorise: Vampiric Draining.
     0 | D:1      | Reached XP level 1. HP: 13/13 MP: 4/4
   155 | D:1      | Reached XP level 2. HP: 15/19 MP: 5/5
   976 | D:2      | Reached XP level 3. HP: 25/25 MP: 7/7
  1018 | D:2      | Reached skill level 1 in Invocations
  1083 | D:2      | Reached skill level 1 in Fighting
  1083 | D:2      | Reached skill level 1 in Short Blades
  1083 | D:2      | Reached skill level 1 in Axes
  1083 | D:2      | Reached skill level 1 in Maces & Flails
  1083 | D:2      | Reached skill level 1 in Polearms
  1083 | D:2      | Reached skill level 1 in Staves
  1083 | D:2      | Reached skill level 1 in Ranged Weapons
  1083 | D:2      | Reached skill level 1 in Throwing
  1083 | D:2      | Reached skill level 1 in Dodging
  1083 | D:2      | Reached skill level 1 in Stealth
  1083 | D:2      | Reached skill level 1 in Shields
  1083 | D:2      | Reached skill level 1 in Unarmed Combat
  1083 | D:2      | Reached skill level 1 in Evocations
  1118 | D:2      | Noticed Natasha
  1128 | D:2      | Killed Natasha
  1129 | D:2      | Reached skill level 1 in Shapeshifting
  1129 | D:2      | Reached XP level 4. HP: 16/32 MP: 8/8
  1206 | D:2      | Reached skill level 1 in Conjurations
  1206 | D:2      | Reached skill level 1 in Hexes
  1206 | D:2      | Reached skill level 1 in Summonings
  1206 | D:2      | Reached skill level 1 in Translocations
  1206 | D:2      | Reached skill level 1 in Fire Magic
  1206 | D:2      | Reached skill level 1 in Ice Magic
  1206 | D:2      | Reached skill level 1 in Air Magic
  1206 | D:2      | Reached skill level 1 in Earth Magic
  1206 | D:2      | Reached skill level 1 in Alchemy
  1625 | D:2      | Noticed Robin
  1640 | D:2      | Slain by a goblin

Illustrated notes

Levels and vault maps discovered:
D:1:      dpeg_arrival_tiny_k, layout_basic, serial_park_tiny_1
D:2:      minmay_door_path, layout_basic, uniq_natasha, uniq_robin

Skill      XL: |  1  2  3  4 |
---------------+-------------+-----
Long Blades    | | 10.5
Invocations    | 1 |  1.3
Fighting       | 1 |  1.2
Short Blades   | 1 |  1.2
Axes           | 1 |  1.2
Maces & Flails | 1 |  1.2
Polearms       | 1 |  1.2
Staves         | 1 |  1.2
Ranged Weapons | 1 |  1.2
Throwing       | 1 |  1.2
Dodging        | 1 |  1.2
Stealth        | 1 |  1.2
Shields        | 1 |  1.2
Unarmed Combat | 1 |  1.2
Evocations     | 1 |  1.2
Spellcasting   | 3 |  3.0
Shapeshifting  | 1 |  1.1
Conjurations   | 1 |  1.0
Hexes          | 1 |  1.0
Summonings     | 1 |  1.0
Translocations | 1 |  1.0
Fire Magic     | 1 |  1.0
Ice Magic      | 1 |  1.0
Air Magic      | 1 |  1.0
Earth Magic    | 1 |  1.0
Alchemy        | 1 |  1.0
Armour         | |  4.7
Necromancy     | |  3.9

Action                     |  1- 3 |  4- 6 || total
---------------------------+-------+-------++-------
  Melee: Long sword        |    86 |    35 ||   121
         Bite              |     6 |     2 ||     8
         Punch             |       |     1 ||     1
 Armour: Ring mail         |    48 |    32 ||    80
  Dodge: Dodged            |    52 |    37 ||    89
